Selects Advanced Infantry Battlegroup
Construct Medical Station
Selects Convert to Ranger Squad
Selects Frontline Medical Station
Frontline Medical Station
Construct Weapon Support Center
Improved M9 Bazooka Rockets
Selects Ranger Weapon Training
Selects Artillery Observers
Selects M2A1 105mm Howitzer Emplacement
M18 Hellcat Tank Destroyer
Selects 155mm Rapid Artillery Barrage
M18 Hellcat Tank Destroyer
Selects 155mm Rapid Artillery Barrage